 Dungeon Crawl Stone Soup version 0.18.1-50-g88ac8fd (webtiles) character file.

57 ololoev the Firebug (level 3, -1/19 HPs)
             Began as a Deep Elf Fire Elementalist on Nov 3, 2016.
             Killed from afar by an orc wizard (8 damage)
             ... with a magic dart
             ... on level 3 of the Dungeon.
             The game lasted 00:04:48 (587 turns).

ololoev the Firebug (Deep Elf Fire Elementalist)     Turns: 587, Time: 00:04:49

Health: -1/19      AC:  2    Str:  5    XL:     3   Next: 73%
Magic:  2/10       EV: 13    Int: 20    God:
Gold:   66         SH:  0    Dex: 15    Spells: 3 memorised, 3 levels left

rFire  . . .     SeeInvis .     c - 4 bread rations
rCold  . . .     Gourm    .     a - +0 robe
rNeg   . . .     Faith    .     (no shield)
rPois  .         Spirit   .     (no helmet)
rElec  .         Dismiss  .     (no cloak)
rCorr  .         Reflect  .     (no gloves)
SustAt .         Harm     .     (no boots)
MR     .....                    (no amulet)
Stlth  ++........               (no ring)
                                (no ring)

@: very slightly contaminated, not resistant to hostile enchantments, unstealthy
A: no striking features
a: no special abilities

Inventory:

Armour
 a - a +0 robe (worn)
Scrolls
 f - a scroll of identify {unknown}
 g - a scroll of amnesia {unknown}
Potions
 d - 3 potions of flight {unknown}
 e - a potion of mutation {unknown}
 h - a potion of brilliance {unknown}
 i - a potion of lignification {unknown}
 j - a potion of curing {unknown}
Books
 b - a book of Flames

   Spells                             Type                      Level
   a - Flame Tongue                   Conjuration/Fire             1
   b - Throw Flame                    Conjuration/Fire             2
   c - Conjure Flame                  Conjuration/Fire             3
   d - Inner Flame                    Hexes/Fire                   3
   e - Sticky Flame                   Conjuration/Fire             4
   f - Fireball                       Conjuration/Fire             5
Comestibles
 c - 4 bread rations (in hand)


   Skills:
 - Level 2.4 Dodging
 - Level 2.4 Stealth
 + Level 4.1 Spellcasting
 + Level 2.1 Conjurations
 + Level 4.1 Fire Magic


You had 3 spell levels left.
You knew the following spells:

 Your Spells              Type           Power        Failure   Level  Hunger
a - Flame Tongue          Conj/Fire      ###..        3%          1    None
b - Conjure Flame         Conj/Fire      ###.....     12%         3    ###....
e - Inner Flame           Hex/Fire       ##......     17%         3    ###....


You were on level 3 of the Dungeon.
You were not hungry.

You visited 1 branch of the dungeon, and saw 3 of its levels.

You collected 66 gold pieces.

♣♣♣♣♣#....o.).♣o♣ ..#'
#.#.####..##.##.# ....
#.#.#.....##.#♣.♣ #..
##.#.#....s##....#
#..###..........##..♣.♣
####...........#.###.##.#
..............>.......♣.♣
#.....[........oo..o.#
#....)......#@###.####
###.#)†)...[..###.######
#.#.......)<..........#
#....###.#####.########
##.#.##..# #.# #....♣.♣♣
#.# #.#.#..PP♣###.#
#....♣.♣♣.....#
##.##♣P....####

Notes
Turn   | Place    | Note
--------------------------------------------------------------
     0 | D:1      | ololoev the Deep Elf Fire Elementalist began the quest for the Orb.
     0 | D:1      | Reached XP level 1. HP: 10/10 MP: 6/6
   134 | D:1      | Reached XP level 2. HP: 7/15 MP: 2/8
   253 | D:1      | Reached XP level 3. HP: 17/19 MP: 0/10
   343 | D:2      | Noticed Robin
   379 | D:2      | Learned a level 3 spell: Conjure Flame
   383 | D:2      | Learned a level 3 spell: Inner Flame
   587 | D:3      | Killed from afar by an orc wizard

Dungeon Overview and Level Annotations

Branches:
Dungeon (3/15)

Altars:

Annotations:
D:2 Robin


Message History

Aim: an orc, wielding a flail of pain (heavily wounded)
The flame tongue hits the orc.
You kill the orc!
Things that are here:
a flail of pain; an orc corpse
k - a flail of pain Wield which item (- for none, * to show all)? (? for menu, Esc to quit)
You have a feeling of ineptitude.
k - a +0 flail of pain (weapon)
Wield which item (- for none, * to show all)? (? for menu, Esc to quit)
c - 2 bread rations (in hand)
You drop a +0 flail of pain.
You now have 62 gold pieces (gained 13).
Things that are here:
a club; a leather armour; an orc corpse
Things that are here:
a hand axe; a chain mail You see here a hobgoblin corpse.
Things that are here:
a whip; a ring mail; an orc corpse
Things that are here:
a club; a hobgoblin corpse
c - 3 bread rations (gained 1)
c - 4 bread rations (gained 1)
Found 19 stones.
You now have 66 gold pieces (gained 4). 2 orcs come into view.
The orc shouts!
Casting: Flame Tongue
Confirm with . or Enter, or press ? or * to list all spells.
Aiming: Flame Tongue
Press: ? - help, Shift-Dir - straight line, f - orc
Aim: an orc, wielding a trident and wearing a leather armour (hasn't noticed you)
You miscast Flame Tongue.
You are very lightly contaminated with residual magic.
Nothing appears to happen.
The orc shouts!
You hear a shout!
An orc wizard comes into view. It is wielding a dagger of protection.
Casting: Flame Tongue
Confirm with . or Enter, or press ? or * to list all spells.
Aiming: Flame Tongue
Press: ? - help, Shift-Dir - straight line, f/p - orc
Aim: an orc, wielding a trident and wearing a leather armour The flame tongue misses the orc.
The orc closely misses you.
Casting: Flame Tongue
Confirm with . or Enter, or press ? or * to list all spells.
Aiming: Flame Tongue
Press: ? - help, Shift-Dir - straight line, f/p - orc
Aim: an orc, wielding a trident and wearing a leather armour The flame tongue hits the orc.
The orc is moderately wounded.
The orc hits you but does no damage.
Casting: Flame Tongue
Confirm with . or Enter, or press ? or * to list all spells.
Aiming: Flame Tongue
Press: ? - help, Shift-Dir - straight line, f/p - orc
Aim: an orc, wielding a trident and wearing a leather armour (moderately wounded)
You miscast Flame Tongue.
Nothing appears to happen.
The orc hits you from afar with a trident.
Casting: Flame Tongue
Confirm with . or Enter, or press ? or * to list all spells.
Aiming: Flame Tongue
Press: ? - help, Shift-Dir - straight line, f/p - orc
Aim: an orc, wielding a trident and wearing a leather armour (moderately wounded)
The flame tongue hits the orc.
The orc is heavily wounded.
The orc hits you from afar with a trident.
Casting: Flame Tongue
Confirm with . or Enter, or press ? or * to list all spells.
Aiming: Flame Tongue
Press: ? - help, Shift-Dir - straight line, f/p - orc
Aim: an orc, wielding a trident and wearing a leather armour (heavily wounded)
The flame tongue hits the orc.
You kill the orc!
The orc wizard casts a spell.
The orc wizard seems to speed up.
A giant cockroach comes into view.
The orc wizard casts a spell at you. The magic dart hits you!
You die...

You could see an orc wizard, 2 orcs and a giant cockroach.

Vanquished Creatures
  A gnoll (D:1)
  A dart slug (D:1)
  6 orcs (D:3)
  A ball python (D:1)
  3 giant cockroaches
  7 goblins
  6 hobgoblins
  2 quokkas (D:2)
  2 giant newts (D:2)
  3 kobolds
  2 rats
34 creatures vanquished.

Vanquished Creatures (others)
  An adder (D:3)
1 creature vanquished.

Grand Total: 35 creatures vanquished

Action                   || total
-------------------------++-------
 Cast: Flame Tongue      ||    57
Armor: Robe              ||     5
Dodge: Dodged            ||     9

Vault maps used:
D:1:      kilobyte_arrival_exit_the_forest
D:2:      grunt_ministairs_10, uniq_robin
D:3:      serial_forest, infiniplex_forest_lined_2, infiniplex_forest_corner_1,
          infiniplex_forest_straight_5, infiniplex_forest_end_3,
          infiniplex_forest_clump_double, infiniplex_forest_end_1,
          infiniplex_forest_lined_2, infiniplex_forest_clump_tiny,
          lemuel_flame_loot_1
